AoeStats
← OmarGutieG

Socotra

506923735Analyzed
2v2 RM · 17d ago on Sep 15, 2026· 32m 9s· 4 players
Game mode
Random Map
Map size
Tiny (2 player)
Population
200
Speed
Normal
Resources
Standard
Victory
Conquest
Starting age
Dark Age
Ending age
Imperial Age
RankedLock teamsTeams togetherTeam positionsShared explorationLock speedFull tech treeHidden civsTurbo modeCheats
Victory
Defeat
🇸🇪 Maya · Sweden
1389
+12
🇸🇪 Magyars · Sweden
1339
+14
🇲🇽 Magyars · Mexico
1310
-13
🇲🇽 Maya · Mexico
1303
-13
armigame1
6:41 Loom
9:09 Feudal Age
17:12 Double-Bit Axe
21:42 Castle Age
20:24 Bloodlines
22:02 Scale Barding Armor
OmarGutieG
0:27 Loom
9:20 Feudal Age
13:06 Fletching
17:30 Padded Archer Armor
23:49 Castle Age
23:53 Double-Bit Axe
23:51 Crossbowman
24:37 Thumb Ring
25:14 Bodkin Arrow
31:00 Wheelbarrow
Kaben
4:51 Loom
9:29 Feudal Age
11:46 Horse Collar
13:45 Scale Barding Armor
22:24 Castle Age
21:55 Bloodlines
23:48 Chain Barding Armor
Mowgli
0:27 Loom
8:59 Feudal Age
10:35 Double-Bit Axe
15:01 Fletching
15:11 Padded Archer Armor
19:41 Town Watch
23:12 Castle Age
21:31 Gold Mining
21:37 Stone Mining
23:13 Crossbowman
23:52 Bodkin Arrow
24:13 Leather Archer Armor
25:24 Ballistics
Connection lost

Rejoining the realm…

Still unreachable

The connection could not be restored.

Session expired

The server has moved on; the page needs a fresh start.